3187 views
Uploaded 2020-04-25 13:37:36
Game version 1.32.3
13:39 long 2on2 ladder game on (4)TwistedMeadows
Saved by zebroni
3187 views
Uploaded 2020-04-25 13:37:36
Game version 1.32.3
13:39 long 2on2 ladder game on (4)TwistedMeadows
55 units @ 6.9k
/ 0.5k
31 buildings @ 4.3k
/ 1.6k


| Scroll of Regeneration | 2 | 200 |
| Scroll of Town Portal | 1 | 350 |
| total: | 3 | 550g |
| Peasant | 9 | 675 | / | 0 |
| Footman | 6 | 810 | / | 0 |
| Rifleman | 4 | 820 | / | 120 |
| Priest | 7 | 945 | / | 70 |
| Knight | 2 | 490 | / | 120 |
| total: | 28 | 3740g | / | 310w |
| Scout Tower | 1 | 30 | / | 20 |
| Arcane Tower | 1 | 70 | / | 50 |
| Farm | 9 | 720 | / | 180 |
| Altar of Kings | 1 | 180 | / | 50 |
| Barracks | 2 | 320 | / | 120 |
| Arcane Vault | 1 | 130 | / | 30 |
| Blacksmith | 2 | 280 | / | 120 |
| Lumber Mill | 1 | 120 | / | 0 |
| Arcane Sanctum | 1 | 150 | / | 140 |
| Keep | 2 | 640 | / | 420 |
| Castle | 1 | 360 | / | 210 |
| total: | 18 | 1930g | / | 660w |
| 0:03 | Peasant |
| 0:04 | Peasant |
| 0:04 | Peasant |
| 0:08 | Farm |
| 0:11 | Altar of Kings |
| 0:18 | Peasant |
| 0:20 | Farm |
| 0:25 | Barracks |
| 0:25 | Barracks |
| 0:31 | Peasant |
| 0:44 | Peasant |
| 0:56 | Peasant |
| 1:08 | Peasant |
| 1:26 | Footman |
| 1:28 | Footman |
| 1:37 | Farm |
| 1:44 | Peasant |
| 1:49 | Scout Tower |
| 2:05 | Footman |
| 2:14 | Footman |
| 2:16 | Summon Water Elemental |
| 2:21 | Arcane Tower |
| 2:34 | Footman |
| 3:05 | Keep |
| 3:20 | Arcane Vault |
| 3:34 | Footman |
| 3:53 | Blacksmith |
| 3:54 | Blacksmith |
| 3:58 | Brilliance Aura |
| 4:04 | Farm |
| 4:06 | Lumber Mill |
| 5:08 | Rifleman |
| 5:27 | Rifleman |
| 5:33 | Arcane Sanctum |
| 5:40 | Farm |
| 5:51 | Summon Water Elemental |
| 5:56 | Farm |
| 5:58 | Scroll of Regeneration |
| 5:58 | Scroll of Regeneration |
| 6:03 | Long Rifles |
| 6:40 | Priest |
| 6:49 | Priest |
| 7:08 | Rifleman |
| 7:13 | Farm |
| 7:17 | Storm Bolt |
| 7:26 | Black Gunpowder |
| 8:10 | Rifleman |
| 8:52 | Brilliance Aura |
| 9:00 | Priest Adept Training |
| 9:10 | Priest |
| 9:24 | Priest |
| 9:32 | Castle |
| 10:27 | Scroll of Town Portal |
| 10:33 | Priest |
| 10:42 | Farm |
| 11:02 | Bash |
| 11:11 | Priest |
| 11:35 | Farm |
| 11:55 | Priest Master Training |
| 11:56 | Sundering Blades |
| 11:56 | Animal War Training |
| 12:35 | Priest |
| 13:02 | Storm Bolt |
| 13:14 | Summon Water Elemental |
| 13:21 | Knight |
| 13:21 | Knight |

| Lesser Clarity Potion | 1 | 70 |
| Staff of Preservation | 1 | 150 |
| Dust of Appearance | 1 | 75 |
| Scroll of Protection | 1 | 150 |
| total: | 4 | 445g |
| Wisp | 13 | 780 | / | 0 |
| Huntress | 9 | 1755 | / | 180 |
| Archer | 5 | 650 | / | 50 |
| total: | 27 | 3185g | / | 230w |
| Altar of Elders | 1 | 180 | / | 50 |
| Moon Well | 5 | 900 | / | 200 |
| Hunter's Hall | 1 | 210 | / | 100 |
| Ancient of War | 2 | 300 | / | 120 |
| Ancient of Wonders | 1 | 90 | / | 30 |
| Tree of Life | 1 | 340 | / | 185 |
| Ancient of Lore | 2 | 310 | / | 290 |
| Tree of Ages | 1 | 320 | / | 180 |
| Tree of Eternity | 1 | 330 | / | 200 |
| total: | 13 | 2330g | / | 975w |
| 0:03 | Wisp |
| 0:03 | Wisp |
| 0:09 | Altar of Elders |
| 0:18 | Moon Well |
| 0:19 | Wisp |
| 0:19 | Wisp |
| 0:28 | Wisp |
| 0:56 | Wisp |
| 1:07 | Wisp |
| 1:07 | Wisp |
| 1:17 | Wisp |
| 1:30 | Wisp |
| 1:30 | Wisp |
| 1:55 | Hunter's Hall |
| 2:02 | Ancient of War |
| 2:12 | Entangling Roots |
| 2:18 | Moon Well |
| 2:24 | Wisp |
| 2:43 | Ancient of War |
| 2:53 | Moon Well |
| 3:11 | Huntress |
| 3:38 | Huntress |
| 3:43 | Huntress |
| 3:51 | Ultravision |
| 4:03 | Huntress |
| 4:27 | Huntress |
| 4:37 | Dust of Appearance |
| 4:50 | Huntress |
| 5:14 | Huntress |
| 5:27 | Force of Nature |
| 5:43 | Tree of Ages |
| 6:01 | Moon Well |
| 6:23 | Strength of the Moon |
| 6:25 | Ancient of Wonders |
| 7:07 | Moon Well |
| 7:07 | Huntress |
| 7:39 | Moon Armor |
| 7:43 | Huntress |
| 8:22 | Improved Bows |
| 8:23 | Archer |
| 8:30 | Entangling Roots |
| 8:40 | Wisp |
| 8:47 | Lesser Clarity Potion |
| 8:47 | Staff of Preservation |
| 9:00 | Archer |
| 9:21 | Archer |
| 9:49 | Tree of Life |
| 10:34 | Force of Nature |
| 10:43 | Tree of Eternity |
| 10:44 | Archer |
| 10:55 | Scroll of Protection |
| 11:43 | Ancient of Lore |
| 11:44 | Ancient of Lore |
| 12:45 | Archer |
| 12:52 | Entangling Roots |
60 units @ 8.3k
/ 0.6k
32 buildings @ 4.2k
/ 1.6k


| Healing Salve | 3 | 300 |
| Lesser Clarity Potion | 3 | 210 |
| Scroll of Speed | 1 | 50 |
| Scroll of Town Portal | 1 | 350 |
| Potion of Lesser Invulnerability | 1 | 150 |
| total: | 9 | 1060g |
| Peon | 9 | 675 | / | 0 |
| Grunt | 9 | 1800 | / | 0 |
| Raider | 7 | 1260 | / | 280 |
| Spirit Walker | 2 | 390 | / | 70 |
| total: | 27 | 4125g | / | 350w |
| Watch Tower | 1 | 110 | / | 80 |
| Altar of Storms | 1 | 180 | / | 50 |
| Orc Burrow | 5 | 800 | / | 200 |
| Barracks | 1 | 180 | / | 50 |
| Voodoo Lounge | 1 | 130 | / | 30 |
| War Mill | 2 | 410 | / | 0 |
| Beastiary | 1 | 145 | / | 140 |
| Tauren Totem | 1 | 135 | / | 155 |
| Stronghold | 1 | 315 | / | 190 |
| total: | 13 | 2090g | / | 705w |
| 0:02 | Peon |
| 0:02 | Peon |
| 0:02 | Peon |
| 0:09 | Altar of Storms |
| 0:18 | Orc Burrow |
| 0:33 | Barracks |
| 0:41 | Peon |
| 0:55 | Peon |
| 1:18 | Peon |
| 1:18 | Peon |
| 1:34 | Orc Burrow |
| 1:37 | Grunt |
| 1:51 | Peon |
| 1:56 | Voodoo Lounge |
| 2:12 | Wind Walk |
| 2:41 | Grunt |
| 3:09 | Peon |
| 3:21 | Healing Salve |
| 3:21 | Lesser Clarity Potion |
| 3:26 | Stronghold |
| 3:35 | Grunt |
| 3:52 | Orc Burrow |
| 4:15 | Grunt |
| 4:40 | War Mill |
| 4:51 | War Mill |
| 5:10 | Grunt |
| 5:24 | Grunt |
| 5:50 | Berserker Strength |
| 5:54 | Beastiary |
| 6:10 | Critical Strike |
| 6:22 | Tauren Totem |
| 6:30 | Healing Salve |
| 6:30 | Lesser Clarity Potion |
| 6:30 | Scroll of Speed |
| 6:56 | Raider |
| 6:56 | Ensnare |
| 7:11 | Grunt |
| 7:16 | Hex |
| 7:41 | Potion of Lesser Invulnerability |
| 7:51 | Orc Burrow |
| 8:09 | Reinforced Defenses |
| 8:11 | Watch Tower |
| 8:49 | Raider |
| 8:50 | Spirit Walker |
| 9:50 | Raider |
| 10:28 | Lesser Clarity Potion |
| 10:30 | Healing Salve |
| 10:38 | Spirit Walker Adept Training |
| 10:39 | Raider |
| 10:41 | Wind Walk |
| 10:46 | Scroll of Town Portal |
| 11:06 | Raider |
| 11:24 | Grunt |
| 11:28 | Healing Wave |
| 11:33 | Orc Burrow |
| 11:51 | Raider |
| 12:00 | Spirit Walker |
| 12:37 | Grunt |
| 12:38 | Raider |


| Scroll of Regeneration | 2 | 200 |
| Lesser Clarity Potion | 2 | 140 |
| Potion of Healing | 1 | 150 |
| Potion of Mana | 1 | 200 |
| Scroll of Healing | 1 | 250 |
| Healing Salve | 1 | 100 |
| total: | 8 | 1040g |
| Peasant | 12 | 900 | / | 0 |
| Footman | 7 | 945 | / | 0 |
| Rifleman | 6 | 1230 | / | 180 |
| Priest | 5 | 675 | / | 50 |
| Sorceress | 3 | 465 | / | 60 |
| total: | 33 | 4215g | / | 290w |
| Scout Tower | 3 | 90 | / | 60 |
| Guard Tower | 2 | 140 | / | 100 |
| Altar of Kings | 1 | 180 | / | 50 |
| Farm | 8 | 640 | / | 160 |
| Barracks | 1 | 160 | / | 60 |
| Lumber Mill | 1 | 120 | / | 0 |
| Blacksmith | 1 | 140 | / | 60 |
| Arcane Vault | 1 | 130 | / | 30 |
| Town Hall | 1 | 385 | / | 205 |
| Arcane Sanctum | 2 | 300 | / | 280 |
| Keep | 1 | 320 | / | 210 |
| total: | 19 | 2145g | / | 905w |
| 0:03 | Peasant |
| 0:03 | Peasant |
| 0:03 | Peasant |
| 0:07 | Altar of Kings |
| 0:10 | Farm |
| 0:11 | Farm |
| 0:20 | Barracks |
| 0:33 | Peasant |
| 0:37 | Farm |
| 0:51 | Peasant |
| 0:51 | Peasant |
| 0:51 | Peasant |
| 1:04 | Peasant |
| 1:05 | Peasant |
| 1:05 | Peasant |
| 1:21 | Footman |
| 1:21 | Footman |
| 1:21 | Footman |
| 1:30 | Peasant |
| 1:47 | Footman |
| 1:53 | Footman |
| 1:54 | Footman |
| 2:04 | Peasant |
| 2:12 | Summon Water Elemental |
| 2:36 | Keep |
| 2:55 | Farm |
| 3:43 | Lumber Mill |
| 3:44 | Footman |
| 3:47 | Blacksmith |
| 3:53 | Arcane Vault |
| 4:46 | Farm |
| 4:54 | Brilliance Aura |
| 5:03 | Arcane Sanctum |
| 5:06 | Scroll of Regeneration |
| 5:28 | Rifleman |
| 6:08 | Priest |
| 6:08 | Priest Adept Training |
| 6:09 | Sorceress |
| 6:14 | Farm |
| 6:27 | Thunder Clap |
| 6:42 | Farm |
| 6:54 | Lesser Clarity Potion |
| 6:55 | Potion of Healing |
| 7:04 | Rifleman |
| 7:04 | Long Rifles |
| 7:32 | Arcane Sanctum |
| 7:40 | Scroll of Healing |
| 8:10 | Potion of Mana |
| 8:40 | Rifleman |
| 8:47 | Priest |
| 8:47 | Sorceress |
| 9:02 | Storm Bolt |
| 9:24 | Healing Salve |
| 9:43 | Sorceress |
| 9:45 | Rifleman |
| 10:15 | Summon Water Elemental |
| 10:28 | Priest |
| 10:28 | Priest |
| 10:28 | Priest |
| 10:56 | Rifleman |
| 10:56 | Rifleman |
| 11:15 | Scout Tower |
| 11:19 | Scout Tower |
| 11:22 | Scout Tower |
| 11:26 | Lesser Clarity Potion |
| 11:26 | Scroll of Regeneration |
| 11:39 | Farm |
| 11:44 | Town Hall |
| 11:50 | Guard Tower |
| 12:51 | Storm Bolt |
⇛